 Dungeon Crawl Stone Soup version 0.29.1-15-g9cfb28693d (webtiles) character file.

Game seed: 1854577117166227164

61 Alturiack the Conjurer (level 4, 24/24 HPs)
             Began as a Gargoyle Conjurer on Apr 10, 2023.
             Got out of the dungeon alive.
             The game lasted 00:08:08 (2637 turns).

Alturiack the Conjurer (Gargoyle Conjurer)          Turns: 2637, Time: 00:08:08

Health: 24/24      AC:  6    Str: 10    XL:     4   Next: 7%
Magic:  8/8        EV: 11    Int: 21    God:
Gold:   67         SH:  0    Dex:  8    Spells: 6/9 levels left

rFire   . . .      SeeInvis .   i - staff of air
rCold   . . .      Faith    .   (no shield)
rNeg    + . .      Spirit   .   a - +0 robe
rPois   ∞          Reflect  .   h - +0 helmet
rElec   +          Harm     .   (no cloak)
rCorr   .          Rampage  .   (no gloves)
Will    .....                   (no boots)
Stlth   ++........              (no amulet)
HPRegen 0.08/turn               (no ring)
MPRegen 0.11/turn               (no ring)

@: no status effects
A: sickness immunity, AC +3, negative energy resistance 1, electricity
resistance, torment resistance 1, petrification resistance
a: no special abilities


You escaped.
You visited 1 branch of the dungeon, and saw 2 of its levels.

You collected 67 gold pieces.

Inventory:

Armour
 a - a +0 robe (worn)
 h - a +0 helmet (worn)
Magical Staves
 i - a staff of air (weapon)
Wands
 j - a wand of charming (8)
Scrolls
 c - 11 scrolls of identify {unknown}
 e - a scroll of fog {unknown}
 g - 2 scrolls of teleportation {unknown}
 l - a scroll of enchant armour {unknown}
Potions
 b - a potion of magic
 d - a potion of heal wounds {unknown}
 f - a potion of haste {unknown}
 k - a potion of ambrosia {unknown}


   Skills:
 - Level 1.5 Dodging
 - Level 2.1 Stealth
 * Level 3.1 Spellcasting
 * Level 5.3 Conjurations


You had 6 spell levels left.
You knew the following spells:

 Your Spells              Type           Power      Damage    Failure   Level
a - Magic Dart            Conj           100%       1d8       1%          1
b - Searing Ray           Conj           50%        2d6       2%          2

Your spell library contained the following spells:

 Spells                   Type           Power      Damage    Failure   Level
 Dazzling Flash           Conj/Hex       28%        N/A       13%         3
 Fulminant Prism          Conj/Hex       7%         3d7       41%         4
 Iskenderun's Mystic Bla  Conj/Tloc      14%        2d5       41%         4


Dungeon Overview and Level Annotations

Branches:
Dungeon (2/15)

Altars:


Innate Abilities, Weirdness & Mutations

You are immune to sickness and miasma.
Your stone body is resilient. (AC +3)
You are immune to poison.
You resist negative energy. (rN+)
You are resistant to electric shocks. (rElec)
You are resistant to unholy torment.
You are immune to petrification.


Message History

You open the door.
Found a faded altar of an unknown god.
There is an open door here.
There is an open door here.
Found a club.
You open the door.
Found a dagger.
There is an open door here.
You see here a +0 dagger.
There is an open door here.
Found a stone staircase leading up.
There is an open door here.
There is a shaft here.
Found a stone staircase leading up.
l - a scroll labelled PICRIH YLIGHO A rat comes into view.
Aiming: Searing Ray (safe; 2% risk of failure)
Press: ? - help, Q - select action, (/) - cycle Shift-Dir - straight line, f - rat
Aim: a rat (79% to hit)
The searing ray hits the rat!
You kill the rat! (Press . to maintain the ray.)
You see here a rat corpse.
Done exploring.
Done exploring.
Done exploring.
Done exploring.
Done exploring.
Done exploring.
Done exploring.
Unknown command.
There is a stone staircase leading up here.
You can't go down here!
You climb upwards.
There is a stone staircase leading down here.
There is an open door here.
You see here a +0 sling.
There is a staircase leading out of the dungeon here.
Are you sure you want to leave the Dungeon?
This will make you lose the game!
You have escaped!

.#
#..#.#####.####.######
## ###)##....##......#
##....##.#..######.#
##....####....# #.#
#..##.##
##.#.#####.######
#.###..##
###.....#.......
#..#(...###
#.###.#.......
#...####..#
##.#..######.. ##.##
##@# ##...# ##. #..#
### #.### #. #.## ###
#. ### #. #> ##


There were no monsters in sight!

Vanquished Creatures
  3 adders (D:2)
  A dart slug (D:1)
  6 bats
  2 endoplasms
  2 giant cockroaches (D:1)
  2 goblins
  5 hobgoblins
  A quokka (D:1)
  3 ball pythons (D:1)
  A kobold (D:2)
  6 rats
32 creatures vanquished.

Notes
Turn   | Place    | Note
-------+----------+-------------------------------------------
     0 | D:1      | Alturiack the Gargoyle Conjurer began the quest for the
                  | Orb.
     0 | D:1      | Reached XP level 1. HP: 10/10 MP: 3/3
   195 | D:1      | Reached XP level 2. HP: 4/15 MP: 0/5
   423 | D:1      | Learned a level 2 spell: Searing Ray
  1619 | D:2      | Reached XP level 3. HP: 19/19 MP: 1/6
  1788 | D:2      | Reached skill level 5 in Conjurations
  2285 | D:2      | Reached XP level 4. HP: 24/24 MP: 3/8
  2356 | D:2      | Found a faded altar of an unknown god.
  2637 | D:$      | Got out of the dungeon alive.

Illustrated notes

Levels and vault maps discovered:
D:1:      lemuel_arrival_tunnels, layout_basic
D:2:      layout_basic, shapermc_ecumenical_altar_flowoftime

Skill      XL: |  1  2  3 |
---------------+----------+-----
Conjurations   | 5 |  5.3
Spellcasting   | 3 |  3.1
Dodging        | |  1.5
Stealth        | |  2.1

Action                   |  1- 3 |  4- 6 || total
-------------------------+-------+-------++-------
Melee: Staff             |    26 |       ||    26
 Cast: Magic Dart        |    10 |       ||    10
       Searing Ray       |    34 |     1 ||    35
Armor: Robe              |    32 |       ||    32
Dodge: Dodged            |    30 |       ||    30
